 Dungeon Crawl Stone Soup version 0.21.0-3-g78d12a8 (console) character file.

4269 removed the Destroyer (level 10, -5/81 HPs)
             Began as a Centaur Wizard on Jan 11, 2018.
             Was a Believer of Vehumet.
             Slain by a two-headed ogre
             ... wielding a +0 giant club
              (17 damage)
             ... on level 9 of the Dungeon.
             The game lasted 00:23:50 (13096 turns).

removed the Destroyer (Centaur Wizard)             Turns: 13096, Time: 00:23:51

Health: -5/81      AC:  8    Str: 11    XL:     10   Next: 10%
Magic:  16/19      EV:  9    Int: 20    God:    Vehumet [**....]
Gold:   380        SH:  0    Dex:  9    Spells: 11/21 levels left

rFire    . . .     SeeInvis .   a - +0 morningstar
rCold    . . .     Gourm    .   (no shield)
rNeg     . . .     Faith    .   y - +0 robe
rPois    .         Spirit   .   C - +1 hat
rElec    .         Reflect  .   L - +1 cloak
rCorr    .         Harm     .   N - +0 pair of gloves
MR       .....                  (no barding)
Stlth    ++........             (no amulet)
HPRegen  0.23/turn              F - ring of flight
MPRegen  0.16/turn              S - ring "Mefous" {Dex+2 Stlth+}

@: very quick
A: large, hooves 3, deformed body, speed 2, tough skin 3
a: Renounce Religion, Evoke Flight


You were on level 9 of the Dungeon.
You worshipped Vehumet.
Vehumet was pleased with you.
You were not hungry.

You visited 2 branches of the dungeon, and saw 10 of its levels.

You collected 380 gold pieces.

Inventory:

Hand Weapons
 a - a +0 morningstar (weapon)
 b - a -1 blowgun
 i - a +0 club
 l - a +0 dagger
 n - a +0 short sword
 V - a +0 war axe
Missiles
 B - 2 throwing nets (quivered)
 D - 7 poisoned needles
 R - 7 needles of paralysis
Armour
 g - a +0 buckler
 y - a +0 robe (worn)
 C - a +1 hat (worn)
 L - a +1 cloak (worn)
 N - a +0 pair of gloves (worn)
Jewellery
 F - a ring of flight (left hand)
 S - a ring "Mefous" (right hand) {Dex+2 Stlth+}
   (You found it on level 6 of the Dungeon)

   [ring of dexterity]

   It affects your dexterity (+2).
   It makes you more stealthy.
Wands
 Z - a wand of digging (8)
Scrolls
 f - 3 scrolls of teleportation
 m - a scroll of amnesia
 J - a scroll of magic mapping {unknown}
 K - 2 scrolls of noise
 M - a scroll of random uselessness
 O - 2 scrolls of immolation
 Q - a scroll of blinking {unknown}
 X - a scroll of identify
 Y - 2 scrolls of silence {unknown}
Potions
 j - 2 potions of haste
 k - a potion of invisibility
 o - 2 potions of brilliance
 s - 4 potions of might
 t - 4 potions of curing
 v - 3 potions of flight
 x - 2 potions of agility
 P - a potion of resistance
 T - a potion of mutation
Books
 c - a book of Minor Magic

   Spells                             Type                      Level
   a - Magic Dart                     Conjuration                  1
   b - Blink                          Translocation                2
   c - Call Imp                       Summoning                    2
   d - Slow                           Hexes                        2
   e - Conjure Flame                  Conjuration/Fire             3
   f - Mephitic Cloud                 Conjuration/Poison/Air       3
 W - a book of the Tempests

   Spells                             Type                      Level
   a - Static Discharge               Conjuration/Air              3
   b - Lightning Bolt                 Conjuration/Air              5
   c - Ignition                       Fire                         8
   d - Tornado                        Air                          9
   e - Shatter                        Earth                        9
Comestibles
 d - 14 rations
 U - 3 chunks of flesh


   Skills:
 + Level 5.0 Fighting
 - Level 1.3 Dodging
 - Level 1.1 Stealth
 - Level 6.0 Spellcasting
 - Level 8.0 Conjurations
   Level 0.8 Summonings
 - Level 0.8 Translocations
 - Level 7.0 Ice Magic


You had 11 spell levels left.
You knew the following spells:

 Your Spells              Type           Power        Failure   Level  Hunger
a - Magic Dart            Conj           ####         1%          1    None
b - Conjure Flame         Conj/Fire      ###.....     6%          3    ##.....
d - Freeze                Ice            ####         1%          1    None
l - Blink                 Tloc           N/A          11%         2    None
m - Mephitic Cloud        Conj/Pois/Air  ###.....     11%         3    ##.....


Dungeon Overview and Level Annotations

Branches:
Dungeon (9/15)             Temple (1/1) D:7
   Lair: D:8-11         Orc: D:9-12

Altars:
Ashenzari
Cheibriados
Dithmenos
Elyvilon
Fedhas
Gozag
Hepliaklqana
Kikubaaqudgha
Makhleb
Nemelex Xobeh
Okawaru
Qazlal
Ru
Sif Muna
Trog
Uskayaw
Vehumet
Wu Jian
Xom
Yredelemnul
Zin
The Shining One

Shops:
D:5 !   D:7 [

Annotations:
D:4 Grinder
D:9 BABULAY's ghost, novice TrBe


Innate Abilities, Weirdness & Mutations

You have hooves in place of feet.
Armour fits poorly on your strangely shaped body.
You cover ground very quickly.
You have extremely tough skin. (AC +3)


Message History

The puff of frost hits you!
Found a scroll of identify.
The orc wizard looks encouraged for a moment.
The two-headed ogre misses you. The two-headed ogre barely misses you.
The orc wizard mumbles some strange words.
The orc wizard seems to speed up.
You hit the two-headed ogre. Your kick misses the two-headed ogre.
The two-headed ogre is lightly wounded.
The two-headed ogre hits you with a giant club.
The two-headed ogre hits you with a giant club!!
You barely miss the two-headed ogre. Your kick misses the two-headed ogre.
The two-headed ogre is lightly wounded.
The two-headed ogre barely misses you.
The two-headed ogre hits you with a giant club!!
* * * LOW HITPOINT WARNING * * *
You hit the two-headed ogre.
The two-headed ogre is lightly wounded.
The two-headed ogre closely misses you.
The two-headed ogre hits you with a giant club!
You die...

#................#
.###
#.............##.#
.#
##.............#
.# .#
?..............##
# ##
##..............#
#.......ooO....#
#########o#......
#O####.## #@.....#
########


You could see 2 two-headed ogres, 2 orc wizards and an orc.

Vanquished Creatures
  The ghost of removed the Destroyer, a novice CeWz of Vehumet (D:8)
  Prince Ribbit (D:7)
  A spriggan (D:8)
  2 hungry ghosts (D:8)
  3 orc warriors
  2 black bears
  2 sky beasts
  3 ice beasts
  3 ogres
  2 centaurs (D:6)
  3 scorpions
  3 howler monkeys
  A crimson imp (D:5)
  3 hounds
  2 jellies
  Crazy Yiuf (D:7)
  11 orc priests
  3 bullfrog skeletons
  3 iguanas
  8 orc wizards
  8 worker ants
  The ghost of letownia2 the Insei, a weakling DsGl (D:3)
  A hound skeleton (D:4)
  A howler monkey zombie (D:7)
  4 gnolls
  12 adders
  4 shadow imps
  3 oozes
  3 worms
  5 dart slugs
  3 leopard geckos
  38 orcs
  7 giant cockroaches
  8 goblins
  6 hobgoblins
  6 jackals
  4 quokkas
  3 ball pythons
  11 bats
  9 frilled lizards
  A jackal zombie (D:5)
  11 kobolds
  A quokka skeleton (D:7)
  6 rats
214 creatures vanquished.

Notes
Turn   | Place    | Note
-------+----------+-------------------------------------------
     0 | D:1      | removed the Centaur Wizard began the quest for the Orb.
     0 | D:1      | Reached XP level 1. HP: 14/14 MP: 3/3
    39 | D:1      | Reached skill level 1 in Conjurations
   435 | D:1      | Reached skill level 2 in Conjurations
   435 | D:1      | Reached XP level 2. HP: 20/20 MP: 1/5
  1032 | D:1      | Reached XP level 3. HP: 12/26 MP: 2/6
  1638 | D:2      | Reached skill level 3 in Conjurations
  1851 | D:2      | Reached XP level 4. HP: 33/33 MP: 4/7
  2358 | D:2      | Reached skill level 4 in Conjurations
  2980 | D:2      | Reached XP level 5. HP: 38/38 MP: 1/8
  3735 | D:3      | Learned a level 2 spell: Blink
  3739 | D:3      | Learned a level 3 spell: Conjure Flame
  3748 | D:3      | Noticed letownia2's ghost (weakling DsGl)
  3782 | D:3      | Killed letownia2's ghost
  3782 | D:3      | Reached skill level 5 in Conjurations
  4686 | D:4      | Reached XP level 6. HP: 45/45 MP: 7/9
  4819 | D:4      | Learned a level 3 spell: Mephitic Cloud
  4895 | D:4      | Reached skill level 6 in Conjurations
  5399 | D:4      | Noticed Grinder
  5633 | D:4      | Reached XP level 7. HP: 48/50 MP: 3/10
  5799 | D:5      | Entered Level 5 of the Dungeon
  5819 | D:5      | Reached skill level 7 in Conjurations
  6572 | D:5      | Found Peneptapt's Distillery.
  7477 | D:6      | Reached XP level 8. HP: 30/57 MP: 2/14
  7772 | D:6      | Reached skill level 5 in Spellcasting
  7978 | D:6      | Got a wavering pewter ring
  7979 | D:6      | Identified a ring "Mefous" {Dex+2 Stlth+} (You found it on level 6 of the Dungeon)
  8498 | D:7      | Found a staircase to the Ecumenical Temple.
  8731 | Temple   | Entered the Ecumenical Temple
  8869 | Temple   | Became a worshipper of Vehumet
  8931 | D:7      | You fall through a shaft for 2 floors!
  8944 | D:7      | Found Taibb's Antique Armour Shop.
  9220 | D:7      | Found a burning altar of Makhleb.
  9240 | D:7      | Reached skill level 8 in Conjurations
  9322 | D:7      | Reached skill level 1 in Fighting
  9800 | D:7      | Reached * piety under Vehumet
  9800 | D:7      | Offered knowledge of Freeze by Vehumet.
  9806 | D:7      | Learned a level 1 spell: Freeze
 10130 | D:7      | Reached skill level 1 in Ice Magic
 10256 | D:7      | Reached XP level 9. HP: 39/68 MP: 12/17
 10569 | D:7      | Noticed Prince Ribbit
 10581 | D:7      | Killed Prince Ribbit
 10664 | D:7      | Found a runed door.
 10764 | D:7      | Noticed Crazy Yiuf
 10770 | D:7      | Killed Crazy Yiuf
 11049 | D:8      | Noticed removed's ghost (novice CeWz)
 11263 | D:8      | Killed removed's ghost
 12021 | D:8      | Reached ** piety under Vehumet
 12033 | D:8      | Offered knowledge of Sandblast by Vehumet.
 12240 | D:8      | Found a snail-covered altar of Cheibriados.
 12282 | D:8      | Reached XP level 10. HP: 41/78 MP: 4/19
 12860 | D:9      | Reached skill level 5 in Fighting
 12899 | D:9      | Noticed BABULAY's ghost (novice TrBe)
 13059 | D:9      | Noticed a two-headed ogre
 13066 | D:9      | Noticed a two-headed ogre
 13078 | D:9      | Noticed a two-headed ogre
 13096 | D:9      | Slain by a two-headed ogre

Skill      XL: |  1  2  3  4  5  6  7  8  9 10 |
---------------+-------------------------------+-----
Conjurations   | 2 3 4 5 6 7 8 |  8.0
Spellcasting   | 4 5 6 |  6.0
Fighting       | 2 4 5 |  5.0
Ice Magic      | 2 7 |  7.0
Dodging        | |  1.3
Stealth        | |  1.1
Summonings     | |  0.8
Translocations | |  0.8

Action                   |  1- 3 |  4- 6 |  7- 9 | 10-12 || total
-------------------------+-------+-------+-------+-------++-------
Melee: Club              |     8 |       |       |       ||     8
       Kick              |     6 |     7 |     6 |     2 ||    21
       Unarmed           |     2 |       |       |       ||     2
       Short sword       |    38 |    44 |       |       ||    82
       Dagger            |     1 |       |       |       ||     1
       Morningstar       |       |       |    44 |    10 ||    54
 Fire: Blowgun           |       |    43 |    42 |       ||    85
Throw: Throwing net      |       |       |     1 |       ||     1
 Cast: Magic Dart        |    70 |   179 |   421 |    33 ||   703
       Conjure Flame     |       |     1 |     3 |       ||     4
       Freeze            |       |       |    34 |    12 ||    46
       Mephitic Cloud    |       |       |       |     1 ||     1
  Use: Scroll            |       |    11 |     6 |       ||    17
 Stab: Sleeping          |       |       |       |     1 ||     1
  Eat: Chunk             |     3 |    10 |    12 |     3 ||    28
       Ration            |       |       |     2 |       ||     2
Armor: Robe              |    29 |    46 |    82 |    21 ||   178
Dodge: Dodged            |    29 |    59 |    79 |    12 ||   179
